 Dungeon Crawl Stone Soup version 0.30.1 (webtiles) character file.

Game seed: 2333461221654839509

984 Graphine the Conjurer (level 8, -2/51 HPs)
             Began as an Octopode Conjurer on July 7, 2023.
             Slain by a gnoll bouda
             ... wielding a +0 whip
              (10 damage)
             ... on level 5 of the Dungeon.
             The game lasted 00:16:31 (4740 turns).

Graphine the Conjurer (Octopode Conjurer)           Turns: 4740, Time: 00:16:32

Health: -2/51      AC:  1    Str:  6    XL:     8   Next: 18%
Magic:  10/13      EV: 13    Int: 22    God:
Gold:   228        SH:  0    Dex: 11    Spells: 3/14 levels left

rFire   . . .        f - +5 short sword (vamp)
rCold   . . .        (no shield)
rNeg    . . .        (helmet restricted)
rPois   .            s - amulet of magic regeneration
rElec   .            (no ring)
rCorr   .            (no ring)
SInv    .            (no ring)
Will    .....        (no ring)
Stlth   +++          (no ring)
HPRegen 0.28/turn    (no ring)
MPRegen 0.53/turn    (no ring)
                     (no ring)

%: no passive effects
@: lethally poisoned (-2 -> -3), weakened
A: almost no armour, amphibious, 8 rings, camouflage 1, gelatinous body 1,
(nimble swimmer 1), tentacles
a: no special abilities


You were on level 5 of the Dungeon.
You visited 1 branch of the dungeon, and saw 5 of its levels.
You also visited: Sewer.

You collected 228 gold pieces.

Inventory:

Hand Weapons
 f - a +5 vampiric short sword (weapon)
 p - a +0 rapier of venom
 t - a +1 dagger of draining
 v - a +1 dagger of holy wrath
Jewellery
 i - an amulet of guardian spirit
 s - an amulet of magic regeneration (around mantle)
Scrolls
 b - 2 scrolls of teleportation
 d - 2 scrolls of magic mapping
 g - a scroll of silence
 j - a scroll of blinking
Potions
 a - a potion of magic
 c - 7 potions of flight
 k - a potion of invisibility
 l - a potion of curing
 m - a potion of lignification
 n - 3 potions of mutation
 o - a potion of haste
 q - a potion of attraction {unknown}
 r - a potion of ambrosia {unknown}
 u - a potion of berserk rage {unknown}
 w - a potion of experience {unknown}


   Skills:
 + Level 2.8 Fighting
 + Level 2.2 Short Blades
 + Level 2.5 Throwing
 + Level 3.6 Dodging
 - Level 3.0 Stealth
 + Level 3.5 Spellcasting
 * Level 6.0 Conjurations
 * Level 3.7 Hexes


You had 3 spell levels left.
You knew the following spells:

 Your Spells              Type           Power      Damage    Failure   Level
a - Magic Dart            Conj           100%       1d8       1%          1
b - Searing Ray           Conj           60%        2d6       1%          2
c - Fulminant Prism       Conj/Hex       12%        3d9       16%         4
d - Confusing Touch       Hex            20%        N/A       8%          3
e - Slow                  Hex            80%        N/A       2%          1

Your spell library contained the following spells:

 Spells                   Type           Power      Damage    Failure   Level
 Dazzling Flash           Conj/Hex       50%        N/A       4%          3
 Vampiric Draining        Necr           3%         2d6       34%         3
 Iskenderun's Mystic Bla  Conj/Tloc      17%        2d5       32%         4


Dungeon Overview and Level Annotations

Branches:
Dungeon (5/15)              Sewer (visited)
 Temple: D:4-7

Altars:
Xom
Yredelemnul

Shops:
D:2 (


Innate Abilities, Weirdness & Mutations

You cannot wear most types of armour.
You are amphibious.
You can wear up to eight rings at the same time.
Your skin changes colour to match your surroundings (Stealth+).
Your rubbery body absorbs attacks. (AC +1, EV +1)
((You are camouflaged when in or above water. (Stealth+)))
You have tentacles for arms and can constrict up to eight enemies at once.


Message History

You feel as though you will be weak longer.
You hit the gnoll bouda but do no damage.
Your grab misses the gnoll bouda. You squeeze the gnoll bouda.
The gnoll bouda is lightly wounded.
You feel sick.
The gnoll bouda barks out a call to the hunt!
A gnoll comes into view. It is wielding a +0 spear. x2
You hit the gnoll bouda but do no damage.
You grab the gnoll bouda.
You squeeze the gnoll bouda, but do no damage.
The gnoll bouda is lightly wounded.
You constrict the gnoll bouda.
You feel sick. The gnoll bouda misses you.
A gnoll comes into view. It is wielding a +0 spear.
You hit the gnoll bouda.
You feel better.
You squeeze the gnoll bouda.
The gnoll bouda is moderately wounded.
You constrict the gnoll bouda.
You feel sick.
The gnoll bouda hits you with a +0 whip!
* * * LOW HITPOINT WARNING * * *
The gnoll closely misses you.
Casting: Confusing Touch (dangerous; 8% risk of failure)
Confirm with . or Enter, or press ? or * to list all spells.
The spell is quite dangerous to miscast (16% risk of failure)!
Continue anyway?
Aiming: Fulminant Prism (quite dangerous; 16% risk of failure)
Press: ? - help, Dir - move target You conjure a prism of explosive energy!
A fulminant prism comes into view.
You constrict the gnoll bouda.
You feel sick.
The gnoll hits your fulminant prism with a +0 spear!
The gnoll bouda hits you with a +0 whip.
* * * LOW HITPOINT WARNING * * *
The gnoll barely misses you.
You release your grip on the gnoll bouda.
You feel sick. Something hits your fulminant prism.
Your fulminant prism detonates feebly.
You barely miss the gnoll bouda. Your grab misses the gnoll bouda.
Your squeeze misses the gnoll bouda.
The gnoll bouda is moderately wounded.
You feel sick. The gnoll misses you.
The gnoll bouda hits you with a +0 whip!
You die...

#.....<...#
#.........#
#.........##
#..........######
#...............# ###
########.)#####.#....
#..............
#.##.#...#....$
#...@).### #.#
#####g## #.g.....#
#.g##.### g.g# ..
....# ## .#...#
####... ###.


You could see a gnoll bouda and 3 gnolls.

Vanquished Creatures
  Grinder (D:4)
  Duvessa (D:5)
  Pargi (D:4)
  A black bear (D:4)
  Dowan (D:5)
  2 hounds
  2 jellies (D:4)
  Robin (D:4)
  6 river rats (Sewer)
  10 adders
  A worm (D:4)
  2 dart slugs
  9 orcs
  13 bats
  8 endoplasms
  A giant cockroach (Sewer)
  18 goblins
  11 hobgoblins
  7 jackals
  6 quokkas
  20 ball pythons
  8 frilled lizards
  8 kobolds
  2 rats
140 creatures vanquished.

Vanquished Creatures (others)
  A hound (D:5)
  3 fulminant prisms
4 creatures vanquished.

Grand Total: 144 creatures vanquished

Notes
Turn   | Place    | Note
-------+----------+-------------------------------------------
     0 | D:1      | Graphine the Octopode Conjurer began the quest for the Orb.
     0 | D:1      | Reached XP level 1. HP: 11/11 MP: 3/3
    85 | D:1      | Reached XP level 2. HP: 2/17 MP: 1/5
   897 | D:1      | Reached XP level 3. HP: 22/22 MP: 4/6
  1197 | D:2      | Found a shimmering altar of Xom.
  1295 | D:2      | Reached skill level 1 in Fighting
  1298 | D:2      | Learned a level 2 spell: Searing Ray
  1416 | D:2      | Reached XP level 4. HP: 19/28 MP: 5/7
  1616 | D:2      | Found Ycimp's Weapon Shoppe.
  1686 | D:2      | Found a faded altar of an unknown god.
  2823 | D:3      | Learned a level 4 spell: Fulminant Prism
  3003 | D:4      | Noticed Pargi
  3018 | D:4      | Killed Pargi
  3019 | D:4      | Reached skill level 1 in Throwing
  3019 | D:4      | Reached skill level 1 in Hexes
  3019 | D:4      | Reached XP level 5. HP: 10/33 MP: 3/9
  3063 | D:4      | Found a basalt altar of Yredelemnul.
  3128 | D:4      | Reached skill level 1 in Short Blades
  3128 | D:4      | Reached skill level 5 in Conjurations
  3128 | D:4      | Reached XP level 6. HP: 27/38 MP: 6/10
  3195 | D:4      | Noticed Grinder
  3234 | D:4      | Found a glowing drain.
  3245 | Sewer    | Entered a sewer
  3894 | D:4      | Paralysed by Grinder for 5 turns
  3909 | D:4      | Killed Grinder
  3910 | D:4      | Reached XP level 7. HP: 15/45 MP: 1/11
  3928 | D:4      | Noticed Robin
  3936 | D:4      | Killed Robin
  4208 | D:4      | Learned a level 3 spell: Confusing Touch
  4210 | D:4      | Learned a level 1 spell: Slow
  4694 | D:5      | Entered Level 5 of the Dungeon
  4702 | D:5      | Noticed Duvessa
  4704 | D:5      | Noticed Dowan
  4718 | D:5      | Killed Duvessa
  4719 | D:5      | Reached skill level 6 in Conjurations
  4719 | D:5      | Reached XP level 8. HP: 30/51 MP: 8/13
  4732 | D:5      | Killed Dowan
  4740 | D:5      | Slain by a gnoll bouda

Illustrated notes

Levels and vault maps discovered:
D:1:      lightli_arrival_flooded_house, layout_basic
D:2:      layout_loops_ring, serial_shops, shop, basic_altar,
          shapermc_ecumenical_altar_hornbeckon, kennysheep_crisscross
D:3:      layout_basic, minmay_misc_feat_square, corexii_hall_statues_l
D:4:      layout_basic, mainiacjoe_overflow_chevrons,
          cheibrodos_sewer_entry_drain, uniq_grinder, uniq_pargi, uniq_robin
D:5:      layout_rooms, gammafunk_temple_overflow_claw, bh_walls_and_bars,
          uniq_duvessa

Skill      XL: |  1  2  3  4  5  6  7 |
---------------+----------------------+-----
Stealth        | 3 |  3.0
Fighting       | 1 2 |  2.8
Throwing       | 1 2 |  2.5
Hexes          | 1 2 3 |  3.7
Short Blades   | 1 2 |  2.2
Dodging        | 3 |  3.6
Conjurations   | 5 6 |  6.0
Spellcasting   | 3 |  3.5

Action                     |  1- 3 |  4- 6 |  7- 9 || total
---------------------------+-------+-------+-------++-------
  Melee: Unarmed           |    55 |    13 |       ||    68
         Constrict         |     9 |    15 |    15 ||    39
         Tentacles         |    14 |    14 |    15 ||    43
         Punch             |     1 |       |     1 ||     2
         Dagger            |       |    54 |     3 ||    57
         Short sword       |       |       |    66 ||    66
  Throw: Boomerang         |    23 |    91 |       ||   114
   Cast: Magic Dart        |    35 |    20 |    13 ||    68
         Searing Ray       |       |    12 |     4 ||    16
         Fulminant Prism   |       |     1 |     2 ||     3
         Confusing Touch   |       |       |     4 ||     4
    Use: Scroll            |       |    17 |     1 ||    18
         Potion            |       |       |     1 ||     1
   Stab: Sleeping          |     4 |     1 |     2 ||     7
         Distracted        |       |     1 |       ||     1
         Confused          |       |       |     2 ||     2
 Armour: Skin              |     5 |     8 |     3 ||    16
  Dodge: Dodged            |    35 |    98 |    45 ||   178
